 Dungeon Crawl Stone Soup version 0.21.0 (webtiles) character file.

251 Hekarica the Skirmisher (level 6, -2/33 HPs)
             Began as a Vine Stalker Fighter on May 25, 2018.
             Was an Initiate of Gozag.
             Slain by a gnoll
             ... wielding a +0 spear
              (6 damage)
             ... on level 3 of the Dungeon.
             The game lasted 00:07:40 (1859 turns).

Hekarica the Skirmisher (Vine Stalker Fighter)      Turns: 1859, Time: 00:07:40

Health: -2/33      AC:  5    Str: 18 (21) XL:     6   Next: 13%
Magic:  0/7        EV:  8    Int:  7 (8)  God:    Gozag
Gold:   191        SH:  9    Dex: 12 (13) Spells: 5/5 levels left

rFire    + . .     SeeInvis .   q - +2 dagger (venom)
rCold    . . .     Gourm    .   c - +0 shield
rNeg     . . .     Faith    .   l - +1 leather armour {rF+}
rPois    .         Spirit   +   (no helmet)
rElec    .         Reflect  .   (no cloak)
rCorr    .         Harm     .   n - +0 pair of gloves
MR       .....                  (no boots)
Stlth    +.........             (no amulet)
HPRegen  0.51/turn              (no ring)
MPRegen  0.10/turn              (no ring)

@: no status effects
A: fangs 2, regeneration 1, magic shield, antimagic bite, no potion heal 3, rot
immunity
a: Potion Petition, Call Merchant, Bribe Branch, Renounce Religion


You were on level 3 of the Dungeon.
You worshipped Gozag.
Gozag was aware of your devotion.
You were not hungry.

You visited 1 branch of the dungeon, and saw 3 of its levels.

You collected 233 gold pieces.
You paid 42 gold pieces to Gozag.

Inventory:

Hand Weapons
 a - a +1 war axe
 i - a +2 war axe of freezing
 q - a +2 dagger of venom (weapon)
Missiles
 e - 38 arrows
Armour
 b - a +0 scale mail
 c - a +0 shield (worn)
 l - a +1 leather armour of fire resistance (worn)
 n - a +0 pair of gloves (worn)
Scrolls
 h - 2 scrolls of amnesia
 m - a scroll of teleportation {unknown}
 o - a scroll of identify {unknown}
Potions
 d - a potion of might
 g - a potion of brilliance {unknown}
 k - a potion of heal wounds
Comestibles
 f - 3 rations


   Skills:
 + Level 3.8 Fighting
 + Level 1.2 Short Blades
 - Level 2.8 Axes
 + Level 3.4 Armour
 + Level 3.7 Shields


You had 5 spell levels left.
You didn't know any spells.

Dungeon Overview and Level Annotations

Branches:
Dungeon (3/15)

Altars:
Elyvilon
Gozag


Innate Abilities, Weirdness & Mutations

You have extremely sharp teeth.
Your natural rate of healing is unusually fast.
When hurt, damage is shared between your health and your magic reserves.
Your bite disrupts and absorbs the magic of your enemies.
Potions cannot restore your health.
You are immune to rotting.


Message History

The gnoll barely misses you. x2
You see here 6 gold pieces.
The gnoll is no longer distracted by gold.
The gnoll barely misses you. The gnoll hits you with a spear.
You block the gnoll's attack. The gnoll completely misses you.
You hit the gnoll.
The gnoll is moderately wounded.
The gnoll hits you with a spear. You block the gnoll's attack.
The gnoll hits you from afar with a halberd!
* * * LOW HITPOINT WARNING * * *
It was a potion of heal wounds.
That seemed strangely inert.
You block the gnoll's attack. x2
The gnoll barely misses you.
It was a potion of degeneration.
There was something very wrong with that liquid.
You feel weakened.
You feel dopey.
You feel clumsy.
The gnoll hits you from afar with a spear!
You die...
Your body crumbles into a pile of gold.

#.##....#
#..#....
#..#....#
#......
##.#....#
#...... #.#....#
...##...
#.#...)##.# ##.#
#.....).(.# #..
##.#......# ###
####....#.#...#
#
#.@.....#.###..#
#
#####.####..#.#
.. #...gg#
#..#.# .
#......$g##
#..#.#
#........#
#(.#.#
#........# #..#
#.........
#........##
#.......<#


You could see 3 gnolls.

Vanquished Creatures
  The ghost of Hekarica the Shooter, an amateur CeHu (D:3)
  An orc wizard (D:3)
  3 adders (D:2)
  2 gnolls (D:3)
  2 oozes
  2 worms
  2 dart slugs (D:1)
  A leopard gecko (D:3)
  7 orcs (D:3)
  6 bats
  4 giant cockroaches
  5 goblins
  8 hobgoblins
  6 jackals
  A quokka (D:3)
  5 frilled lizards
  6 kobolds
  4 rats (D:1)
66 creatures vanquished.

Notes
Turn   | Place    | Note
-------+----------+-------------------------------------------
     0 | D:1      | Hekarica the Vine Stalker Fighter began the quest for the Orb.
     0 | D:1      | Reached XP level 1. HP: 11/11 MP: 2/2
   113 | D:1      | Reached XP level 2. HP: 15/16 MP: 3/3
   351 | D:1      | Reached XP level 3. HP: 20/20 MP: 4/4
  1045 | D:2      | Gained mutation: Your natural rate of healing is unusually fast. [Vine Stalker growth]
  1045 | D:2      | Reached XP level 4. HP: 14/24 MP: 5/5
  1202 | D:2      | Found a white marble altar of Elyvilon.
  1498 | D:3      | Found an opulent altar of Gozag.
  1543 | D:3      | Became a worshipper of Gozag Ym Sagoz the Greedy
  1654 | D:3      | Reached XP level 5. HP: 25/28 MP: 4/6
  1677 | D:3      | Noticed Hekarica's ghost (amateur CeHu)
  1705 | D:3      | Killed Hekarica's ghost
  1705 | D:3      | Reached skill level 1 in Short Blades
  1761 | D:3      | Reached XP level 6. HP: 30/33 MP: 4/7
  1859 | D:3      | Slain by a gnoll

Skill      XL: |  1  2  3  4  5 |
---------------+----------------+-----
Axes           | 2 |  2.8
Fighting       | 3 |  3.8
Shields        | 3 |  3.7
Armour         | 3 |  3.4
Short Blades   | 1 |  1.2

Action                   |  1- 3 |  4- 6 || total
-------------------------+-------+-------++-------
Melee: War axe           |    82 |    59 ||   141
       Bite              |    18 |    39 ||    57
       Dagger            |       |    52 ||    52
  Use: Scroll            |     4 |     3 ||     7
       Potion            |       |     2 ||     2
 Stab: Distracted        |       |     1 ||     1
  Eat: Ration            |     1 |       ||     1
Armor: Scale mail        |    34 |     4 ||    38
       Leather armour    |       |    31 ||    31
Dodge: Dodged            |    25 |    32 ||    57
Block: Shield            |    39 |    60 ||    99
